[Event "*** Titled Tuesday Blitz"]
[Site "Chess.com"]
[Date "2018.12.04"]
[Round "7"]
[White "vpantev"]
[Black "lucasmito"]
[Result "1-0"]
[WhiteElo "2612"]
[BlackElo "2356"]
[TimeControl "180+2"]
[EndTime "14:36:01 PST"]
[Termination "vpantev won by resignation"]

1. d4 Nf6 2. Nf3 g6 3. Bf4 Bg7 4. e3 d6 5. Be2 O-O 6. O-O b6 7. c4 Bb7 8. Nc3 Nbd7 9. Qc2 Nh5 10. Bg5 c5 11. d5 h6 12. Bh4 g5 13. Nd2 Nhf6 14. Bg3 a6 15. a4 Qc7 16. Rae1 e5 17.
h4 Rae8 18. hxg5 hxg5 19. Bd3 Bc8 20. f3 Nh5 21. Bh2 Nb8 22. g4 Nf6 23. Kg2 Re7 24.
Bg3 Rfe8 25. Nde4 Nxe4 26. Bxe4 Nd7 27. Rh1 Nf6 28. Rh2 Nxe4 29. Nxe4 f5 30. Nxg5 fxg4 31. Qh7+ Kf8 32. fxg4 Bxg4 33. Rf1+ 1-0

[Event "*** Titled Tuesday Blitz"]
[Site "Chess.com"]
[Date "2018.12.04"]
[Round "7"]
[White "saraswathii"]
[Black "AndrewMcStone"]
[Result "1-0"]
[WhiteElo "2256"]
[BlackElo "2134"]
[TimeControl "180+2"]
[EndTime "14:36:02 PST"]
[Termination "saraswathii won on time"]

1. d4 Nf6 2. Bf4 g6 3. e3 Bg7 4.
Be2 O-O 5. Nf3 c5 6. c3 d6 7. O-O Qb6 8. Qb3 Qc7 9. Nbd2 Be6 10. Qc2 cxd4 11. exd4 Nd5 12. Bg3 Nc6 13. a3 Nxd4 14. Nxd4 Bxd4 15. Bf3 Bg7 16. Rfe1 Rac8 17. Qa4 Nb6 18.
Qxa7 Nd5 19. Qa4 Bf6 20. Rad1 Nb6 21. Qf4 Nc4 22. Ne4 Bg7 23. Re2 Be5 24. Qh6 Bxg3 25. Ng5 1-0

[Event "*** Titled Tuesday Blitz"]
[Site "Chess.com"]
[Date "2018.12.04"]
[Round "7"]
[White "hansen"]
[Black "kasparik_garik"]
[Result "1-0"]
[WhiteElo "2772"]
[BlackElo "2514"]
[TimeControl "180+2"]
[EndTime "14:36:05 PST"]
[Termination "hansen won by resignation"]

1. e4 c5 2. Nf3 e6 3. d4 cxd4 4. Nxd4 a6 5. Bd3 Bc5 6. Nb3 Ba7 7. Qg4 Nf6 8. Qg3 d6 9. Be3 Bxe3 10. Qxe3 e5 11.
O-O Nc6 12. N1d2 O-O 13. a4 d5 14. c3 dxe4 15. Bxe4 Nxe4 16. Nxe4 f5 17. Rfd1 Qe7 18.
Nd6 f4 19. Nxc8 Raxc8 20. Qe4 f3 21. g3 Kh8 22. Rd3 Qf7 23. Nd2 Qh5 24. Rxf3 Rfd8 25.
Rf5 Qg6 26. Nf3 Re8 27. Re1 h6 28. h4 Qd6 29. Nxe5 Nxe5 30. Rxe5 Rxe5 31. Qxe5 Qc6 32. Qe6 Qxe6 33. Rxe6 Rc7 34. Rb6 Kg8 35. Kg2 Kf7 36.
h5 Ke7 37. f4 Kd7 38. Kf3 Ke7 39. a5 Kd7 40. g4 Ke7 41. g5 hxg5 42. fxg5 Kf8 43.
h6 gxh6 44. gxh6 Kg8 45. Rg6+ Kh7 46. Rg7+ Rxg7 47. hxg7 Kxg7 48. Ke4 Kf6 49. Kd4 Ke7 50.
Kc5 Kd7 51. Kb6 Kc8 52. Ka7 Kc7 53. c4 Kc8 54. b4 Kc7 55. b5 axb5 56. cxb5 Kc8 57. b6 1-0

[Event "*** Titled Tuesday Blitz"]
[Site "Chess.com"]
[Date "2018.12.04"]
[Round "7"]
[White "schoolmeester"]
[Black "enriquetejedor"]
[Result "0-1"]
[WhiteElo "2727"]
[BlackElo "2546"]
[TimeControl "180+2"]
[EndTime "14:36:05 PST"]
[Termination "enriquetejedor won by resignation"]

1. e4 d5 2. exd5 Qxd5 3. Nf3 Nf6 4. Be2 Bg4 5. O-O e6 6. d4 c6 7. c4 Qd8 8. Nc3 Be7 9. Be3 O-O 10. Qb3 Qb6 11. Qc2 Qc7 12. Rad1 Nbd7 13. Rfe1 Rfe8 14. h3 Bf5 15. Bd3 Bxd3 16. Rxd3 Rad8 17. Red1 a6 18. Qb3 Qb6 19. Qxb6 Nxb6 20. b3 Nc8 21. Ne5 Nd7 22.
Ne4 f6 23. Nf3 Kf7 24. d5 cxd5 25. cxd5 exd5 26. Rxd5 Nf8 27. Rxd8 Rxd8 28. Rxd8 Bxd8 29. Nc5 Nd6 30. Bf4 Nb5 31. Nxb7 Be7 32. Na5 Nc3 33. Kf1 Nxa2 34. Nc6 Ne6 35. Bd2 Bd6 36. Ke2 Nf4+ 37. Kd1 Nxg2 38. Kc2 Nf4 39. Kb2 Nxh3 40. Be1 Nxf2 41.
Bxf2 Nb4 42. Nxb4 Bxb4 43. Kc2 h5 44. Kd3 g5 45. Ke4 Kg6 46. Nd4 Bc5 47. Kd5 Bxd4 48.
Bxd4 h4 49. Ke4 f5+ 50. Kf3 Kf7 51. Bb6 g4+ 52. Kf4 h3 53. Kg3 f4+ 54. Kh2 Ke6 55. Bc7 Kf5 56. Bb8 Ke4 57. Bc7 Ke3 58. Bb6+ Ke2 59.
b4 f3 60. Kg3 h2 61. Kxh2 f2 62. Bxf2 Kxf2 0-1

[Event "*** Titled Tuesday Blitz"]
[Site "Chess.com"]
[Date "2018.12.04"]
[Round "7"]
[White "GMG"]
[Black "alpasya2009"]
[Result "1-0"]
[WhiteElo "2686"]
[BlackElo "2571"]
[TimeControl "180+2"]
[EndTime "14:36:06 PST"]
[Termination "GMG won on time"]

1. d4 d6 2. e4 Nf6 3. f3 e5 4. d5 Be7 5. Be3 O-O 6. Qd2 Nh5 7. Nc3 h6 8. Nge2 Bg5 9. g3 Bxe3 10. Qxe3 c5 11.
dxc6 bxc6 12. O-O-O Be6 13. f4 exf4 14. gxf4 Qa5 15.
Kb1 Na6 16. Rg1 Rfb8 17. f5 Qa3 18. b3 Bxb3 19. cxb3 Rxb3+ 20. axb3 Rb8 21. Nc1 Nc5 22. Bc4 d5 23. exd5 cxd5 24. Rxd5 Na6 25. Bxa6 Qxa6 26.
Qd3 Qb6 27. Rd1 Nf4 28. Rd8+ Kh7 29. Rxb8 Qxb8 30. Qe4 1-0

[Event "*** Titled Tuesday Blitz"]
[Site "Chess.com"]
[Date "2018.12.04"]
[Round "7"]
[White "Zarikovs1999"]
[Black "chidori_boruto"]
[Result "0-1"]
[WhiteElo "2350"]
[BlackElo "2553"]
[TimeControl "180+2"]
[EndTime "14:36:08 PST"]
[Termination "chidori_boruto won by checkmate"]

1. Nf3 Nf6 2. c4 c6 3. g3 d5 4.
Bg2 Bg4 5. Qc2 e6 6. b3 Nbd7 7. Bb2 Be7 8. O-O O-O 9. Nc3 Re8 10. d4 Bd6 11. e4 dxe4 12. Nxe4 Nxe4 13. Qxe4 Bf5 14.
Qe2 a5 15. Ne5 Nxe5 16. dxe5 Bc5 17. Rfd1 Qb6 18. h3 a4 19. Qf3 Bc2 20. Rd7 Rf8 21. h4 axb3 22. axb3 Rxa1+ 23. Bxa1 Bxb3 24. h5 h6 25. Bh3 Bxc4 26. Bc3 Bd5 27. Qg4 Qb1+ 28. Bf1 b5 29.
Bd2 Bc4 30. Bxh6 Qxf1+ 31. Kh2 Qxf2+ 32. Kh3 Bf1+ 33. Kh4 Qh2+ 34. Kg5 Be3+ 35. Qf4 Qxg3# 0-1

[Event "*** Titled Tuesday Blitz"]
[Site "Chess.com"]
[Date "2018.12.04"]
[Round "7"]
[White "Bryakin_Mikhail"]
[Black "Yurovskykh_Oleksandr"]
[Result "1-0"]
[WhiteElo "2718"]
[BlackElo "2489"]
[TimeControl "180+2"]
[EndTime "14:36:11 PST"]
[Termination "Bryakin_Mikhail won by checkmate"]

1. d4 d5 2. Nf3 Nf6 3. c4 dxc4 4. g3 b5 5. a4 Bb7 6. axb5 e5 7. dxe5 Qxd1+ 8.
Kxd1 Ng4 9. Ke1 Nxe5 10. Nxe5 Bxh1 11. f3 h5 12. Nxc4 Nd7 13. Nc3 Bb4 14. Kf2 Bxc3 15. bxc3 h4 16. g4 h3 17. Bf4 Nb6 18. Nxb6 cxb6 19.
e3 Bg2 20. Bd3 Ke7 21. Be4 Rad8 22. Rxa7+ Rd7 23. Rxd7+ Kxd7 24. Bc6+ Kc8 25. c4 Rd8 26. Ke2 f6 27. c5 Rd7 28. cxb6 Rb7 29. Bc7 Bh1 30.
Kf2 Bg2 31. Be4 g5 32. Bf5# 1-0

[Event "*** Titled Tuesday Blitz"]
[Site "Chess.com"]
[Date "2018.12.04"]
[Round "7"]
[White "BvsN"]
[Black "Vadim_Biliy"]
[Result "1-0"]
[WhiteElo "2289"]
[BlackElo "2138"]
[TimeControl "180+2"]
[EndTime "14:36:26 PST"]
[Termination "BvsN won by checkmate"]

1. d4 d5 2. c4 e6 3. Nc3 Nf6 4. cxd5 Nxd5 5. e4 Nxc3 6. bxc3 c5 7. a3 cxd4 8. cxd4 Nc6 9. Nf3 Be7 10. Bd3 O-O 11.
Bb2 Qa5+ 12. Kf1 b5 13. d5 Nd8 14. h4 Nb7 15. e5 exd5 16. Bxh7+ Kxh7 17. Ng5+ Kg6 18. Qd3+ Bf5 19. Qg3 Kh5 20. Qf3+ Bg4 21. Qf4 Qa4 22. Bd4 Qc4+ 23. Kg1 f5 24. f3 Bc5 25. Rd1 Rac8 26. Ne6 Bxd4+ 27. Nxd4 Nc5 28. Qg5# 1-0

[Event "*** Titled Tuesday Blitz"]
[Site "Chess.com"]
[Date "2018.12.04"]
[Round "7"]
[White "Markov_Mikhail"]
[Black "GMMatamoros"]
[Result "1/2-1/2"]
[WhiteElo "2604"]
[BlackElo "2517"]
[TimeControl "180+2"]
[EndTime "14:36:28 PST"]
[Termination "Game drawn - insufficient material"]

1. c4 e5 2. Nc3 Bb4 3. Nf3 Bxc3 4. dxc3 d6 5. c5 e4 6. Qa4+ Kf8 7. Qxe4 dxc5 8. Bg5 Nf6 9. Qf4 Qd6 10. Qxd6+ cxd6 11.
Rd1 Ke7 12. e3 Be6 13. b3 Nc6 14. Bd3 h6 15. Bh4 a5 16. O-O a4 17. Bc2 axb3 18.
axb3 Rhd8 19. Rd2 g5 20. Bg3 Nh5 21. Rfd1 Nxg3 22. hxg3 Ra2 23. c4 Nb4 24. Be4 Rxd2 25. Rxd2 d5 26. cxd5 Bxd5 27. Bxd5 Rxd5 28. Rb2 Rd1+ 29.
Kh2 Nd3 30. Rc2 b6 31. g4 Ke6 32. Kg3 Ne5 33. Nd2 Kd5 34. f4 Nd3 35. Nf3 f6 36.
Nd2 b5 37. Kf3 Ne1+ 38. Ke2 Nxc2 39. Kxd1 Nxe3+ 40. Ke2 Nxg4 41. Kf3 f5 42. fxg5 hxg5 43. Nf1 c4 44. bxc4+ bxc4 45. Ng3 Ne5+ 46. Ke2 f4 47. Nf5 g4 48. Kd2 f3 49. gxf3 Nxf3+ 50. Kc3 Ne5 51.
Ng3 Kc5 52. Ne4+ Kd5 53. Nf6+ Ke6 54. Nxg4 Nxg4 55. Kxc4 1/2-1/2

[Event "*** Titled Tuesday Blitz"]
[Site "Chess.com"]
[Date "2018.12.04"]
[Round "7"]
[White "pedromartinez91"]
[Black "Panchenko_Dmitry"]
[Result "1/2-1/2"]
[WhiteElo "2418"]
[BlackElo "2554"]
[TimeControl "180+2"]
[EndTime "14:36:31 PST"]
[Termination "Game drawn by agreement"]

1. e4 e5 2. Nf3 Nf6 3. Nxe5 d6 4. Nf3 Nxe4 5. d4 d5 6. Bd3 Be7 7. O-O Nc6 8. Nc3 Nxc3 9. bxc3 Bg4 10. Rb1 Rb8 11. Bf4 O-O 12. Re1 Bd6 13. Bxd6 Bxf3 14. Bxc7 Bxd1 15. Bxd8 Bxc2 16. Bxc2 Rfxd8 17. Rb5 Kf8 18. Reb1 b6 19. Kf1 Rbc8 20. Bd3 Na5 21. Rc1 Ke7 22. Ke2 Kd6 23. Kd2 Re8 24. a4 h6 25.
Rbb1 Nc4+ 26. Bxc4 Rxc4 27. a5 bxa5 28. Ra1 a4 29.
Rcb1 Rec8 30. Ra3 R8c7 31. Rb5 a6 32. Ra5 R7c6 33. R5xa4 Rxa4 34. Rxa4 Rb6 1/2-1/2

[Event "*** Titled Tuesday Blitz"]
[Site "Chess.com"]
[Date "2018.12.04"]
[Round "7"]
[White "gemarin"]
[Black "tteshan"]
[Result "0-1"]
[WhiteElo "2037"]
[BlackElo "2138"]
[TimeControl "180+2"]
[EndTime "14:36:31 PST"]
[Termination "tteshan won on time"]

1. d4 d5 2. c4 dxc4 3. e3 Nf6 4. Bxc4 e6 5. Nf3 c5 6. O-O Nc6 7. Qe2 Be7 8. Rd1 cxd4 9. Nxd4 Nxd4 10. Rxd4 Qc7 11.
b3 O-O 12. Bb2 Nd7 13. Nc3 a6 14. Rad1 Bf6 15. R4d2 b5 16. Qf3 Rb8 17. Rxd7 Bxd7 18. Bf1 Bc6 19. Qh5 b4 20. Na4 Bxb2 21. Nxb2 g6 22.
Qh6 Qe5 23. Nc4 Qg7 24. Qf4 Bb5 25. Qd6 Bxc4 26. Bxc4 a5 27. Qc7 Ra8 28. h3 Rfc8 29. Qd7 Qf8 0-1

[Event "*** Titled Tuesday Blitz"]
[Site "Chess.com"]
[Date "2018.12.04"]
[Round "7"]
[White "amiralfio"]
[Black "ENEASZ"]
[Result "1-0"]
[WhiteElo "2440"]
[BlackElo "2582"]
[TimeControl "180+2"]
[EndTime "14:36:31 PST"]
[Termination "amiralfio won by resignation"]

1. d4 Nf6 2. Nf3 d6 3. c4 g6 4.
Nc3 Bg7 5. e4 O-O 6. h3 e5 7. d5 a5 8. g4 Na6 9. Be3 Qe8 10. Nd2 Nd7 11. h4 Ndc5 12. h5 f5 13. hxg6 hxg6 14. gxf5 gxf5 15. Qf3 fxe4 16. Qg3 Nb4 17.
O-O-O Bf5 18. Bh3 Ncd3+ 19. Kb1 Nxf2 20. Bxf2 Qg6 21. Bxf5 Qxf5 22. Be3 Rf7 23. a3 Nd3 24. Rdg1 c6 25. Ndxe4 Nf4 26. Ka2 b5 27. dxc6 b4 28. Nd5 Nxd5 29. Nxd6 Qc2 30. Rh8+ Kxh8 31. Nxf7+ 1-0

[Event "*** Titled Tuesday Blitz"]
[Site "Chess.com"]
[Date "2018.12.04"]
[Round "7"]
[White "sergeikim"]
[Black "FranciscodelaF"]
[Result "1-0"]
[WhiteElo "2469"]
[BlackElo "2343"]
[TimeControl "180+2"]
[EndTime "14:36:36 PST"]
[Termination "sergeikim won by resignation"]

1. d4 d5 2. c4 e6 3. Nc3 Nf6 4. Nf3 dxc4 5. e3 c5 6. Bxc4 Nc6 7. O-O cxd4 8. exd4 Be7 9. Qe2 O-O 10.
Rd1 Nb4 11. Ne5 a6 12. Bg5 b5 13. Bb3 Bb7 14. Rac1 Rc8 15. Bh4 Qd6 16. Bg3 Qb6 17.
a3 Nc6 18. Nxf7 Nxd4 19. Rxd4 Qxd4 20. Qxe6 Bd5 21. Bxd5 Qxd5 22. Nh6+ Kh8 23. Qxe7 gxh6 24. Be5 Qf7 25. Qd6 Rce8 26. Ne4 Rd8 27. Qxf6+ Qxf6 28. Bxf6+ Kg8 29. Bxd8 Rxd8 30. f3 Rd3 31. Rc2 Kf7 32. Kf2 Ke6 33. Rd2 Rb3 34. Nc5+ 1-0

[Event "*** Titled Tuesday Blitz"]
[Site "Chess.com"]
[Date "2018.12.04"]
[Round "7"]
[White "maziarbagheri"]
[Black "nochewycandy"]
[Result "1-0"]
[WhiteElo "2251"]
[BlackElo "2259"]
[TimeControl "180+2"]
[EndTime "14:36:39 PST"]
[Termination "maziarbagheri won by resignation"]

1. d4 d5 2. c4 c6 3. g3 Nf6 4. Bg2 g6 5. Nf3 Bg7 6. Qa4 O-O 7. O-O Nbd7 8. cxd5 cxd5 9. Nc3 Nb6 10. Qb3 Bf5 11.
Bf4 Ne4 12. Rac1 Rc8 13. e3 Nxc3 14. Rxc3 Rxc3 15. Qxc3 Be4 16. Rc1 Na4 17. Qb3 Nb6 18. Qc3 Na4 19. Qb4 Nb6 20. b3 Bxf3 21. Bxf3 e6 22. Bc7 Qd7 23. Bxb6 axb6 24. Qxb6 Rc8 25. Rxc8+ Qxc8 26. Kg2 Bf8 27. a4 Be7 28. Be2 Bd8 29. Qb5 b6 30. h4 Kg7 31. Qe8 Qc7 32. b4 h6 33. h5 g5 34. Bb5 Be7 35. a5 bxa5 36.
bxa5 Qxa5 37. Bd7 Qd8 38. g4 Qxe8 39. Bxe8 Bd6 40. Bb5 f6 41. f3 Bb4 42. Kf2 Kf7 43.
Ke2 Ke7 44. Kd3 Kd6 45. f4 Be1 46. Ke2 Bg3 47. Kf3 Be1 48. f5 e5 49. dxe5+ Kxe5 50. Ke2 Ba5 51. Bc6 Bb6 52. Kd3 d4 53. exd4+ Bxd4 54. Bf3 Kf4 55. Bd1 Be5 56. Kc4 Ke3 57. Kd5 Kd2 58.
Ba4 Ke3 59. Ke6 Kd4 60. Kf7 Kc5 61. Kg6 Kd6 62. Kxh6 Ke7 63. Kg7 1-0

[Event "*** Titled Tuesday Blitz"]
[Site "Chess.com"]
[Date "2018.12.04"]
[Round "7"]
[White "CaptainCasanova"]
[Black "matiss90"]
[Result "1-0"]
[WhiteElo "2652"]
[BlackElo "2427"]
[TimeControl "180+2"]
[EndTime "14:36:55 PST"]
[Termination "CaptainCasanova won by checkmate"]

1. e4 c5 2. Nf3 d6 3. d4 cxd4 4. Nxd4 Nf6 5. Nc3 g6 6. f3 Bg7 7. Be3 Nc6 8. Qd2 O-O 9. O-O-O d5 10. Qe1 e5 11. Nxc6 bxc6 12. exd5 Nxd5 13. Bc4 Be6 14. h4 h5 15. Ne4 Qc7 16. g4 Nxe3 17. Bxe6 Nxd1 18. Bb3 Nxb2 19. Kxb2 c5 20. Qe2 Rab8 21. Ka1 hxg4 22. fxg4 Rfc8 23. Bc4 Qd7 24. h5 gxh5 25. gxh5 Rb6 26. c3 Rcb8 27. Rg1 Kf8 28. Qg2 f5 29.
Nxc5 Qc7 30. Qd5 Bf6 31. Nd7+ Ke7 32. Qf7+ Kd6 33. Rd1+ Kc6 34. Qd5# 1-0

[Event "*** Titled Tuesday Blitz"]
[Site "Chess.com"]
[Date "2018.12.04"]
[Round "7"]
[White "Paparama_1917"]
[Black "FMJoseHerrera"]
[Result "0-1"]
[WhiteElo "2579"]
[BlackElo "2563"]
[TimeControl "180+2"]
[EndTime "14:36:56 PST"]
[Termination "FMJoseHerrera won by resignation"]

1. e4 c5 2. f4 e6 3. Nf3 b6 4.
d3 Bb7 5. Qe2 Qc7 6. g3 d6 7.
Bg2 Nd7 8. c4 Ngf6 9. Nc3 Be7 10. e5 dxe5 11. fxe5 Ng4 12. Bf4 a6 13. h3 Nh6 14. g4 O-O-O 15. a4 f5 16. g5 Nf7 17.
O-O g6 18. a5 bxa5 19. Rfe1 h6 20. gxh6 g5 21. Bg3 Rdg8 22. Nd5 Qd8 23. Nxe7+ Qxe7 24. d4 g4 25. hxg4 Rxg4 26. Bh2 Rhg8 27. Rxa5 Rxg2+ 28. Qxg2 Rxg2+ 29. Kxg2 Ng5 0-1

[Event "*** Titled Tuesday Blitz"]
[Site "Chess.com"]
[Date "2018.12.04"]
[Round "7"]
[White "BasilSmash"]
[Black "JMatias"]
[Result "0-1"]
[WhiteElo "2366"]
[BlackElo "2355"]
[TimeControl "180+2"]
[EndTime "14:36:57 PST"]
[Termination "JMatias won by resignation"]

1. e4 e6 2. d3 d5 3. Qe2 Nf6 4. Nf3 Be7 5. g3 O-O 6. Bg2 c5 7. O-O Nc6 8. e5 Nd7 9. c4 b5 10. cxb5 Na5 11. Nc3 a6 12. a4 Bb7 13. Bf4 Nb6 14. h4 h6 15. h5 Re8 16. Rfe1 Bf8 17. g4 Nb3 18. Rad1 Nd4 19. Nxd4 cxd4 20. Nb1 Be7 21. bxa6 Bxa6 22. b3 Rc8 23. Bc1 Bb4 24.
Rf1 Qh4 25. f4 Nd7 26. Bf3 Nc5 27. Qf2 Qxf2+ 28. Rxf2 Nxd3 29. Rff1 Nc5 30. Nd2 Bxf1 31. Rxf1 Bxd2 32. Bxd2 Nxb3 33. Bb4 d3 34. Rd1 Rc1 35. Kf2 Rb8 36. Bd6 Ra8 37. Rxc1 Nxc1 38. Bd1 Na2 39.
Ke3 Nc3 40. Bb3 Nxa4 41. Kxd3 Nb6 42. Bc5 Nc4 43. Kd4 Nd2 44. Bd1 Ra1 45. Be2 Nb3+ 0-1

[Event "*** Titled Tuesday Blitz"]
[Site "Chess.com"]
[Date "2018.12.04"]
[Round "7"]
[White "StoreySniper"]
[Black "WPWPWP-2015"]
[Result "0-1"]
[WhiteElo "2394"]
[BlackElo "2284"]
[TimeControl "180+2"]
[EndTime "14:36:59 PST"]
[Termination "WPWPWP-2015 won by checkmate"]

1. g3 d5 2. Bg2 Nf6 3. c4 c6 4. Nf3 Bg4 5. O-O Nbd7 6. b3 e6 7. Bb2 Bd6 8. d4 O-O 9. Nc3 Bxf3 10. Bxf3 Qe7 11. Re1 Ba3 12. Bxa3 Qxa3 13. e4 dxe4 14.
Nxe4 Nxe4 15. Bxe4 Nf6 16. Bf3 Rad8 17. Qd2 Rd7 18.
Rad1 Rfd8 19. g4 h6 20. h4 Rxd4 21. Qxd4 Rxd4 22. Rxd4 g5 23. hxg5 hxg5 24. Re2 Qa5 25. Kg2 Kf8 26. Rd1 Ke7 27. Rd4 Nd7 28. Red2 Ne5 29.
Be2 Ng6 30. Rd7+ Kf6 31. Rc2 Qe5 32. Kg1 Qe4 33. Rdd2 Nh4 34. Rc3 Qg2# 0-1

[Event "*** Titled Tuesday Blitz"]
[Site "Chess.com"]
[Date "2018.12.04"]
[Round "7"]
[White "Oligan22"]
[Black "Jenia84"]
[Result "1-0"]
[WhiteElo "2295"]
[BlackElo "2214"]
[TimeControl "180+2"]
[EndTime "14:37:02 PST"]
[Termination "Oligan22 won by resignation"]

1. e4 c5 2. Nf3 Nc6 3. d4 cxd4 4.
Nxd4 Nf6 5. Nc3 e5 6. Ndb5 d6 7. Bg5 a6 8. Na3 b5 9. Nd5 Be7 10. Bxf6 Bxf6 11. c4 b4 12. Nc2 a5 13. g3 O-O 14. Bg2 Bg5 15. O-O Be6 16. b3 Ne7 17. Nce3 Nxd5 18. Nxd5 Ra7 19. f4 exf4 20. gxf4 Bxd5 21.
Qxd5 Bf6 22. Rad1 a4 23. Qxd6 Qxd6 24. Rxd6 axb3 25. axb3 Ra3 26. Rb1 Rd8 27. e5 Be7 28. Rxd8+ Bxd8 29. c5 Kf8 30. Rd1 Ke7 31. Bc6 Ba5 32.
f5 g6 33. Rd7+ Kf8 34. f6 Rxb3 35. Re7 1-0

[Event "*** Titled Tuesday Blitz"]
[Site "Chess.com"]
[Date "2018.12.04"]
[Round "7"]
[White "Tjktiger"]
[Black "VladimirBelous"]
[Result "1-0"]
[WhiteElo "2697"]
[BlackElo "2746"]
[TimeControl "180+2"]
[EndTime "14:37:04 PST"]
[Termination "Tjktiger won by resignation"]

1. c4 c5 2. Nc3 g6 3. Nf3 Bg7 4. e3 Nf6 5. d4 O-O 6. d5 d6 7.
Be2 e6 8. O-O exd5 9. cxd5 a6 10. a4 Re8 11. Nd2 Nbd7 12. Re1 Nb6 13. e4 Rb8 14. Bf1 Bg4 15. f3 Bc8 16. a5 Nbd7 17. Nc4 Ne5 18. Nb6 Ned7 19. Nc4 Ne5 20. Nb6 h5 21. Bg5 Qc7 22. Qd2 Nfd7 23. Nxc8 Rexc8 24. h3 c4 25. f4 Nd3 26. Bxd3 cxd3 27. Qxd3 b5 28. e5 dxe5 29. f5 Qc4 30. Qf3 f6 31. fxg6 fxg5 32. Qf7+ Kh8 33. Qxd7 Rf8 34. Ne4 Rf4 35.
Nxg5 e4 36. Ne6 1-0

[Event "*** Titled Tuesday Blitz"]
[Site "Chess.com"]
[Date "2018.12.04"]
[Round "7"]
[White "dmosesov"]
[Black "baki83"]
[Result "0-1"]
[WhiteElo "2351"]
[BlackElo "2495"]
[TimeControl "180+2"]
[EndTime "14:37:07 PST"]
[Termination "baki83 won on time"]

1. e4 c5 2. Nf3 d6 3. d4 cxd4 4. Nxd4 Nf6 5. Nc3 Nc6 6. Bg5 e6 7. Qd3 a6 8. O-O-O Qb6 9. Be2 Be7 10. f4 Bd7 11. Nb3 O-O 12. h4 Rfc8 13. Kb1 a5 14. a3 a4 15. Nd2 Na5 16. e5 dxe5 17.
Bxf6 Bxf6 18. Qxd7 Rxc3 19. Ne4 Rc7 20. Qd3 Be7 21. fxe5 Nc4 0-1

[Event "*** Titled Tuesday Blitz"]
[Site "Chess.com"]
[Date "2018.12.04"]
[Round "7"]
[White "TregubovP"]
[Black "StanislavNovikov"]
[Result "0-1"]
[WhiteElo "2533"]
[BlackElo "2492"]
[TimeControl "180+2"]
[EndTime "14:37:07 PST"]
[Termination "StanislavNovikov won by resignation"]

1. d4 g6 2. Nf3 Bg7 3. g3 d6 4. Bg2 Nf6 5. O-O O-O 6. c4 c6 7. Nc3 Qb6 8. h3 Qa6 9. b3 b5 10. cxb5 cxb5 11. Bb2 Bb7 12. a3 Ne4 13. Qd3 Nxc3 14.
Bxc3 Nd7 15. e4 b4 16. Qxa6 Bxa6 17. axb4 Bxf1 18. Bxf1 Rfc8 19. Be1 Nb6 20. Bd3 Rc7 21. Kf1 Rac8 22. Bd2 e6 23. Ke2 d5 24. e5 Bf8 25.
h4 Rb8 26. b5 Rcb7 27. h5 Na8 28. Nh2 Nc7 29. Ng4 Be7 30. b6 axb6 31. Nf6+ Bxf6 32. exf6 Ra8 33. Rc1 Ne8 34. Bg5 Rc7 35. Rh1 Ra2+ 36. Ke3 Rc3 37. hxg6 hxg6 38. g4 Rb2 39. Ra1 Rbxb3 40.
Ra8 Rxd3+ 41. Kf4 Rxd4+ 0-1

[Event "*** Titled Tuesday Blitz"]
[Site "Chess.com"]
[Date "2018.12.04"]
[Round "7"]
[White "afgano29"]
[Black "Bad_left_hook"]
[Result "1/2-1/2"]
[WhiteElo "2624"]
[BlackElo "2514"]
[TimeControl "180+2"]
[EndTime "14:37:08 PST"]
[Termination "Game drawn by agreement"]

1. d4 Nf6 2. c4 g6 3. Nc3 d5 4. cxd5 Nxd5 5. e4 Nxc3 6. bxc3 Bg7 7. Nf3 c5 8. Rb1 O-O 9. Be2 cxd4 10. cxd4 Qa5+ 11.
Bd2 Qxa2 12. O-O Bg4 13. Bg5 h6 14. Be3 Nc6 15. d5 Na5 16. Rb4 Bxf3 17. Bxf3 Nc4 18.
Bd4 Nd2 19. Ra4 Qb3 20. Qxb3 Nxb3 21. Bxa7 b5 22. Ra3 Nd2 23. Rd1 Nc4 24. Ra6 b4 25. Be2 Rfc8 26. Rc6 Rxc6 27. dxc6 Rxa7 28.
Bxc4 Rc7 29. Bb5 b3 30. Kf1 b2 31. Ke2 Be5 32. Kd3 Ra7 33. Kc2 Ra1 34. Rb1 Rxb1 35. Kxb1 Kf8 36. g3 g5 37. Kc2 e6 38.
f3 Ke7 39. c7 Bxc7 40. Kxb2 f5 41. Kc2 fxe4 42. fxe4 h5 43. Kd3 h4 44. gxh4 gxh4 45. h3 Bg3 46. Ke2 e5 47. Kf3 Kf6 48. Bc6 Kg5 1/2-1/2

[Event "*** Titled Tuesday Blitz"]
[Site "Chess.com"]
[Date "2018.12.04"]
[Round "7"]
[White "c63_amg"]
[Black "JonahWillow"]
[Result "0-1"]
[WhiteElo "2625"]
[BlackElo "2693"]
[TimeControl "180+2"]
[EndTime "14:37:09 PST"]
[Termination "JonahWillow won on time"]

1. e4 c5 2. Nf3 e6 3. d4 cxd4 4. Nxd4 a6 5. Bd3 Nf6 6. Nc3 Qc7 7.
Qe2 Nc6 8. Nxc6 dxc6 9. e5 Nd5 10. Nxd5 cxd5 11. O-O Bc5 12. Re1 b5 13. c3 Bb7 14.
a4 b4 15. Qg4 bxc3 16. bxc3 g6 17. Bh6 Bf8 18. Bxf8 Rxf8 19. Rab1 Bc6 20. c4 h5 21. Qf4 Rg8 22. cxd5 Bxd5 23. Rec1 Qd7 24. a5 g5 25. Qd4 Kf8 26. Rb6 Kg7 27. Qe3 Qe7 28. Rxa6 Rxa6 29.
Bxa6 Ra8 30. Qb6 Qa3 31. Rf1 Qb3 32. Bb5 h4 33. Be2 Qxb6 34. axb6 Ra2 35. Re1 Rb2 0-1

[Event "*** Titled Tuesday Blitz"]
[Site "Chess.com"]
[Date "2018.12.04"]
[Round "7"]
[White "Andrew-FB00"]
[Black "m3alam"]
[Result "0-1"]
[WhiteElo "1794"]
[BlackElo "2169"]
[TimeControl "180+2"]
[EndTime "14:37:12 PST"]
[Termination "m3alam won by resignation"]

1. e4 g6 2. d4 Bg7 3. Nf3 c5 4. c3 d5 5. e5 Nc6 6. Bb5 Bg4 7. O-O Qb6 8. Bxc6+ bxc6 9. h3 Bxf3 10. gxf3 cxd4 11. cxd4 Nh6 12. Nc3 Nf5 13. Ne2 O-O 14. b3 c5 15.
dxc5 Qxc5 16. Bb2 Rac8 17. Rc1 Qa5 18. a3 e6 19. b4 Qd8 20. Qd3 Qg5+ 21. Kh2 Nh4 22.
Rg1 Bxe5+ 23. Bxe5 Qxe5+ 24. f4 Qh5 25. Rg3 Rxc1 26. Nxc1 Rc8 27. Ne2 Qf5 28. Qd4 Qc2 29. Re3 Qxe2 30. Rxe2 Nf3+ 0-1

[Event "*** Titled Tuesday Blitz"]
[Site "Chess.com"]
[Date "2018.12.04"]
[Round "7"]
[White "aa175"]
[Black "BillForster"]
[Result "0-1"]
[WhiteElo "1911"]
[BlackElo "1729"]
[TimeControl "180+2"]
[EndTime "14:37:15 PST"]
[Termination "BillForster won on time"]

1. e4 c5 2. b4 d5 3. e5 Bf5 4. bxc5 e6 5. d4 Nc6 6. Nf3 h5 7. Bd3 Nh6 8. Bxh6 Bxd3 9. Qxd3 Rxh6 10. O-O Be7 11. h3 g5 12. Nbd2 Kd7 13. c3 Qg8 14.
Rab1 Kc7 15. Qb5 Rb8 16. g4 hxg4 17. hxg4 Qh7 18. Kg2 f5 19. exf6 Bxf6 20. Rh1 a6 21. Qb6+ Kc8 22. Rxh6 Qxh6 23. Rh1 Qg7 24. Rh5 Kd7 25.
Nb3 Nd8 0-1

[Event "*** Titled Tuesday Blitz"]
[Site "Chess.com"]
[Date "2018.12.04"]
[Round "7"]
[White "LyonBeast"]
[Black "Firouzja2003"]
[Result "1-0"]
[WhiteElo "2953"]
[BlackElo "3006"]
[TimeControl "180+2"]
[EndTime "14:37:19 PST"]
[Termination "LyonBeast won by resignation"]

1. e4 c5 2. Nf3 d6 3. d4 cxd4 4. Nxd4 Nf6 5. Nc3 Nc6 6. Be2 e5 7. Nf3 Be7 8. Bg5 O-O 9. Bxf6 Bxf6 10. Nd5 Bg5 11. c3 Be6 12. O-O Bh6 13. Bc4 Kh8 14. Bb3 Na5 15. Re1 Rc8 16. Qd3 f5 17. Rad1 fxe4 18.
Qxe4 Rc5 19. Bc2 Bf5 20. Qe2 Be6 21. Be4 Rc8 22. Rd3 Qe8 23. Red1 b5 24. b3 Nb7 25. b4 Nd8 26. Ne3 Bxe3 27. Qxe3 Nf7 28. Qxa7 Rc4 29. Qe3 Qe7 30. h3 Qf6 31. a3 h6 32. Bd5 Bxd5 33. Rxd5 e4 34. Nd4 Ne5 35. Nxb5 Nd3 36. Nxd6 Nf4 37. Nxc4 Qg6 38. g4 Nxd5 39.
Rxd5 Rf3 40. Ne5 1-0